 Dungeon Crawl Stone Soup version 0.31.0-12-g77e489cdc1 (webtiles) character file.

Game seed: 13350119266047765478

64475 redpenguiin the Grappler (level 14, -6/20 (150) HPs)
             Began as a Troll Fighter on Feb 11, 2024.
             Was a High Priest of Ru.
             Mangled by an eight-headed hydra (13 damage)
             ... on level 5 of the Lair of Beasts.
             The game lasted 01:31:59 (19440 turns).

redpenguiin the Grappler (Troll Fighter)           Turns: 19440, Time: 01:31:59

HP:   -6/20 (150)   AC: 14    Str: 27    XL:     14   Next: 71%
MP:   10/20         EV: 13    Int:  8    God:    Ru [*****.]
Gold: 1170          SH: 12    Dex: 18    Spells: 13/13 levels left

rFire   + .          .
                       - Unarmed
rCold   x . .        b - +0 kite shield
rNeg    . . .        l - +0 swamp dragon scales
rPois   +            (helmet restricted)
rElec   .            O - +2 cloak
rCorr   .            (gloves unavailable)
SInv    .            (boots unavailable)
Will    ++...        M - amulet of the Tempest {Faith Int+4 Slay+2}
Stlth   ++           o - ring of magical power
HPRegen 1.03/turn    f - ring of Autumn {Fire Will+ Dex+3}
MPRegen 0.17/turn

%: faith
@: exhausted, studying Shields, extremely drained
A: large, unfitting armour, claws 3, low MP 1, regeneration 1, shaggy fur 1,
tough skin 1, inability to use devices, hated by all, no earth magic, no
necromancy magic, no alchemy magic, no forms, iridescent scales 1, thin skeletal
structure 1, deterioration 1
a: Renounce Religion, Sacrifice Purity, Sacrifice Health, Sacrifice Drink,
Reject Sacrifices, Draw Out Power, Power Leap, Apocalypse


You were on level 5 of the Lair of Beasts.
You worshipped Ru.
Ru was extremely pleased with you.
You visited 3 branches of the dungeon, and saw 19 of its levels.
You also visited: Gauntlet and Ice Cave.

You collected 1267 gold pieces.
You spent 97 gold pieces at shops.

Inventory:

Hand Weapons
 y - a +5 eveningstar
 N - the +6 morningstar of Boaduv {antimagic, rPois rF- rN++ Will++}
   (You took it off a minotaur in a Gauntlet)

   rF-:       It makes you vulnerable to fire.
   rPois:     It protects you from poison rN++: It greatly protects you from
   negative energy.
   Will++:    It greatly increases your willpower.
Missiles
 z - 28 poisoned darts
Armour
 a - a +0 robe
 b - a +0 kite shield (worn)
 l - +0 swamp dragon scales (worn)
 v - a +0 troll leather armour
 A - a +1 cloak of willpower
 O - a +2 cloak (worn)
Jewellery
 c - a ring of resist corrosion
 f - the ring of Autumn (right claw) {Fire Will+ Dex+3}
   (You found it on level 8 of the Dungeon)

   [ring of fire]

   Fire:      It enhances your fire magic.
   Dex+3:     It affects your dexterity (+3).
   rF+:       It protects you from fire.
   rC-:       It makes you vulnerable to cold.
   Will+:     It increases your willpower.
 g - an amulet of magic regeneration
 o - a ring of magical power (left claw)
 B - a ring of positive energy
 E - a ring of magical power
 I - a ring of poison resistance
 J - a ring of magical power
 K - an amulet of reflection
 M - the amulet of the Tempest (around neck) {Faith Int+4 Slay+2}
   (You found it in a Gauntlet)

   [amulet of faith]

   Faith:     It allows you to gain divine favour quickly.
   Int+4:     It affects your intelligence (+4).
   Slay+2:    It affects your accuracy & damage with ranged weapons and melee
   (+2).
 P - the ring of the Spinneret {rPois Will+ Dex+4 SInv}
   (You found it in a Gauntlet)

   [ring of see invisible]

   Dex+4:     It affects your dexterity (+4).
   rPois:     It protects you from poison Will+: It increases your willpower.
   SInv:      It lets you see invisible.
Scrolls
 e - 6 scrolls of enchant weapon
 h - a scroll of fog {unknown}
 j - 4 scrolls of enchant armour
 n - 5 scrolls of teleportation
 p - 5 scrolls of poison
 r - 3 scrolls of butterflies
 s - 2 scrolls of amnesia (quivered)
 t - 3 scrolls of fear
 u - a scroll of vulnerability
 x - 2 scrolls of immolation
 F - a scroll of silence
 G - a scroll of identify
 H - 2 scrolls of torment
 L - 2 scrolls of blinking
Potions
 d - a potion of haste
 i - a potion of enlightenment
 k - 3 potions of mutation
 m - a potion of lignification
 q - 4 potions of curing
 w - 2 potions of attraction
 C - 2 potions of brilliance
 D - a potion of magic {unknown}
 Q - a potion of ambrosia {unknown}


   Skills:
 * Level 12.8 Fighting
 + Level 9.4 Dodging
 + Level 10.9 Shields
 * Level 14.9 Unarmed Combat


You had 13 spell levels left.
You didn't know any spells.
Your spell library contained the following spells:

 Spells                   Type           Power      Damage    Failure   Level
 Apportation              Tloc           0%         N/A       71%         1
 Blink                    Tloc           0%         N/A       85%         2
 Lesser Beckoning         Tloc           0%         N/A       85%         2
 Momentum Strike          Conj/Tloc      0%         3d8       85%         2
 Scorch                   Fire           0%         2d5       85%         2
 Frozen Ramparts          Ice            0%         1d1       97%         3
 Hailstorm                Conj/Ice       0%         3d5       97%         3
 Inner Flame              Hex/Fire       0%         N/A       97%         3
 Ozocubu's Armour         Ice            0%         N/A       97%         3
 Volatile Blastmotes      Fire/Tloc      0%         2d10      97%         3
 Cause Fear               Hex            0%         N/A       100%        4
 Dimensional Bullseye     Hex/Tloc       0%         N/A       100%        4
 Flame Wave               Conj/Fire      0%         2d4       100%        4
 Manifold Assault         Tloc           0%         N/A       100%        4
 Fireball                 Conj/Fire      0%         3d3       100%        5
 Metabolic Englaciation   Hex/Ice        0%         N/A       100%        5
 Conjure Ball Lightning   Conj/Air       0%         3x3d6     100%        6
 Discord                  Hex            0%         N/A       100%        8
 Disjunction              Tloc           0%         N/A       100%        8
 Kiss of Death            Conj/Necr      Unusable   2d5       N/A         1
 Necrotise                Necr           Unusable   1d4       N/A         1
 Sting                    Conj/Alch      Unusable   1d3       N/A         1
 Summon Small Mammal      Summ           Unusable   N/A       N/A         1
 Fugue of the Fallen      Necr           Unusable   N/A       N/A         3
 Summon Ice Beast         Ice/Summ       Unusable   N/A       N/A         3
 Ignite Poison            Fire/Alch      Unusable   N/A       N/A         4
 Leda's Liquefaction      Alch/Erth      Unusable   N/A       N/A         4
 Martyr's Knell           Necr/Summ      Unusable   N/A       N/A         4
 Petrify                  Alch/Erth      Unusable   N/A       N/A         4
 Sticky Flame             Fire/Alch      Unusable   2d4       N/A         4
 Summon Blazeheart Golem  Fire/Summ      Unusable   N/A       N/A         4
 Sculpt Simulacrum        Ice/Alch       Unusable   N/A       N/A         6
 Death's Door             Necr           Unusable   N/A       N/A         9
 Dragon's Call            Summ           Unusable   N/A       N/A         9

Dungeon Overview and Level Annotations

Branches:
Dungeon (13/15) Temple (1/1) D:4 Lair (5/5) D:10 Swamp (0/4) Lair:3 Snake (0/4) Lair:3 Slime (0/5) Lair:5 Orc (0/2) D:12 Vaults (0/5) D:12 D:13 IceCv (visited) Gauntlet (visited)

Altars:
Ashenzari
Cheibriados
Dithmenos
Elyvilon
Gozag
Kikubaaqudgha
Makhleb
Nemelex Xobeh
Okawaru
Qazlal
Ru
Sif Muna
Trog
Uskayaw
Vehumet
Wu Jian
Xom
Zin
The Shining One
Lugonu

Shops:
D:7 *

Portals:
Abyss: Lair:5
Trove: D:11 (give 5 scrolls of fog)

Annotations:
D:7 1 runed translucent door, Crazy Yiuf
D:13 Nessos
Lair:5 1 runed translucent door


Innate Abilities, Weirdness & Mutations

You are too large for most types of armour.
You have claws for hands.
Your magical capacity is low. (-10% MP)
Your natural rate of healing is unusually fast.
You are covered in fur. (AC +1)
You have tough skin. (AC +1)
You cannot study or use magical devices.
You are hated by all.
You cannot study or cast Earth magic.
You cannot study or cast Necromancy magic.
You cannot study or cast Alchemy magic.
You cannot voluntarily change form.
You are partially covered in iridescent scales. (AC +2)
You have a somewhat thin skeletal structure. (Dex +2, Stealth+)
Your body sometimes deteriorates upon taking damage.


Message History

A five-headed hydra comes into view.
Activating: Apocalypse
Press: ? - help, Dir - look around, f - activate You can't see that place. [the floor.]
You reveal the great annihilating truth to your foes!
The fungus begins to die. x5
You kill the five-headed hydra!
You feel drained.
You hear a bellow! x3
You start resting.
A nearby fungus withers and dies. x3
You start resting.
A nearby fungus withers and dies. x2
You start resting.
HP restored.
You start resting.
A seven-headed hydra comes into view.
A seven-headed hydra is nearby!
A seven-headed hydra is nearby!
The seven-headed hydra roars!
Okay, then.
You feel less exhausted.
Activating: Apocalypse
Press: ? - help, Dir - look around, f - activate You can't see that place. [the floor.]
You reveal the great annihilating truth to your foes!
The fungus begins to die.
The plant begins to die. x3
The fungus begins to die. x2; You feel drained.
You hear a bellow! x4
You rip one of the seven-headed hydra's heads off!
The six-headed hydra grows two more!
You claw the eight-headed hydra!
The eight-headed hydra is severely wounded.
The eight-headed hydra bites you but does no damage.
You block the eight-headed hydra's attack. x2
The eight-headed hydra bites you!
Ouch! That really hurt!
The eight-headed hydra bites you!
Ouch! That really hurt!
You die...

########.## ##..#....#
#P..##..... .........#
#......... #........#
###......... #P.......##
#.#(........ #.......P
##........... ##P......#
#P......^.... #PP......#
##...~~~.....
#P.....@.###...~≈≈~P....
##......D##....≈~≈≈~...†
#..#......#....~≈~~~~..
#....#...##.....≈≈.~~...
...P.#....#.....~~......
.................~~.~~..
.................~~≈~...
..................~~....
......................


You could see an eight-headed hydra.

Vanquished Creatures
  Kirke (Lair:5)
  A minotaur (Gauntlet)
  An entropy weaver (Gauntlet)
  3 hydras
  2 centaur warriors
  4 catoblepae
  2 two-headed ogres
  4 thrashing horrors (Lair:5)
  Urug (D:10)
  Nergalle (Lair:3)
  A skyshark (Lair:3)
  A lindwurm (Lair:1)
  An orc knight (D:12)
  A wolf spider (Gauntlet)
  3 ugly things
  2 large abominations (Lair:5)
  5 black mambas
  A cyclops (D:12)
  25 elephants
  A guardian serpent (Lair:3)
  A smoke demon (Lair:5)
  2 torpor snails
  Maggie (D:6)
  2 gargoyles
  A minotaur zombie (Gauntlet)
  11 cane toads
  4 rime drakes
  An unseen horror (D:11)
  A rime drake (shapeshifter) (Lair:5)
  5 komodo dragons
  2 tengu conjurers (D:10)
  2 ice devils (Lair:1)
  2 trolls (D:9)
  2 polar bears
  3 raiju (Lair:5)
  A raiju (shapeshifter) (Lair:5)
  7 hornets
  27 blink frogs
  A jumping spider (shapeshifter) (Lair:5)
  9 spriggans
  2 wraiths
  15 small abominations (Lair:5)
  30 yaks
  2 vampires (D:12)
  4 shadows
  14 basilisks
  7 hogs (Lair:5)
  6 humans (D:12)
  4 wyverns
  A warg (D:12)
  Grum (Lair:1)
  A redback (Gauntlet)
  A steam dragon (D:7)
  A chaos spawn (Lair:5)
  A great orb of eyes simulacrum (IceCv)
  10 water moccasins
  4 acid dragons
  6 orc warriors
  4 black bears
  2 sky beasts
  2 ogres (D:6)
  2 centaurs
  24 wolves
  3 slime creature simulacra (IceCv)
  3 kobold brigands
  9 bullfrogs
  A glowing shapeshifter simulacrum (IceCv)
  5 scorpions
  A gnoll sergeant (D:9)
  7 killer bees
  2 electric eels
  2 howler monkeys
  6 orc priests
  2 hounds (D:5)
  2 sleepcaps (D:7)
  5 iguanas
  13 orc wizards
  A shapeshifter simulacrum (IceCv)
  A gnoll (shapeshifter) (Lair:5)
  7 adders
  4 white imps
  An ufetubus (D:6)
  A ribbon worm (D:3)
  4 dart slugs
  45 orcs
  6 endoplasms
  6 giant cockroaches
  5 goblins
  6 hobgoblins
  10 jackals
  3 quokkas
  11 ball pythons
  4 bats
  4 frilled lizards
  15 kobolds
  6 rats
  A butterfly (D:4)
492 creatures vanquished.

Vanquished Creatures (others)
  A two-headed ogre (D:11)
  A black mamba (Lair:4)
  A cane toad (Lair:1)
  A minotaur zombie (Gauntlet)
  A blink frog (Lair:5)
  A centaur (D:9)
  An ufetubus (D:6)
  An orc (D:4)
8 creatures vanquished.

Grand Total: 500 creatures vanquished

Notes
Turn   | Place    | Note
-------+----------+-------------------------------------------
     0 | D:1      | redpenguiin the Troll Fighter began the quest for the Orb.
     0 | D:1      | Reached XP level 1. HP: 22/22 MP: 0/0
   186 | D:1      | Reached XP level 2. HP: 29/29 MP: 1/1
   690 | D:2      | Reached XP level 3. HP: 36/36 MP: 2/2
   790 | D:2      | Found a sacrificial altar of Ru.
   806 | D:2      | Became a worshipper of Ru the Awakened
  1221 | D:3      | Reached XP level 4. HP: 45/45 MP: 3/3
  1259 | D:3      | Reached skill level 3 in Unarmed Combat
  2278 | D:4      | Noticed an orc warrior
  2353 | D:3      | Killed an orc warrior
  2354 | D:3      | Reached XP level 5. HP: 42/53 MP: 4/4
  2411 | D:4      | Gained mutation: You cannot study or cast Earth magic. [Ru
                  | sacrifice]
  2411 | D:4      | Gained mutation: You cannot study or cast Alchemy magic.
                  | [Ru sacrifice]
  2411 | D:4      | Gained mutation: You cannot study or cast Necromancy magic.
                  | [Ru sacrifice]
  2411 | D:4      | Reached * piety under Ru
  2464 | D:4      | Reached skill level 4 in Unarmed Combat
  2464 | D:4      | Reached XP level 6. HP: 56/62 MP: 5/5
  2514 | D:4      | Found a staircase to the Ecumenical Temple.
  2573 | Temple   | Entered the Ecumenical Temple
  3049 | D:5      | Entered Level 5 of the Dungeon
  3123 | D:5      | Reached XP level 7. HP: 70/70 MP: 6/6
  3362 | D:5      | Identified the +6 long sword of Hel Ufoos {drain, *Rage
                  | Str+3 Stlth+}
  3515 | D:5      | Reached skill level 1 in Shapeshifting
  3572 | D:5      | Identified the +4 dagger "Xuusoh" {speed, ^Fragile rPois
                  | Dex+4 Stlth+}
  3614 | D:5      | Reached skill level 5 in Unarmed Combat
  3655 | D:5      | Found a sacrificial altar of Ru.
  4096 | D:6      | Reached XP level 8. HP: 75/79 MP: 7/7
  4123 | D:6      | Reached skill level 5 in Fighting
  4671 | D:6      | Reached skill level 6 in Unarmed Combat
  4759 | D:6      | Gained mutation: You are hated by all. [Ru sacrifice]
  4759 | D:6      | Reached ** piety under Ru
  4759 | D:6      | Reached *** piety under Ru
  4873 | D:6      | Found a shimmering blue altar of Sif Muna.
  4912 | D:7      | Noticed Maggie
  4975 | D:6      | Killed Maggie
  5032 | D:6      | Gained mutation: Your body sometimes deteriorates upon
                  | taking damage. [potion of mutation]
  5032 | D:6      | Gained mutation: You have a somewhat thin skeletal
                  | structure. (Dex +2, Stealth+) [potion of mutation]
  5032 | D:6      | Gained mutation: You are partially covered in iridescent
                  | scales. (AC +2) [potion of mutation]
  5438 | D:7      | Found a runed translucent door.
  5439 | D:7      | Noticed Crazy Yiuf
  5510 | D:7      | Reached skill level 5 in Shields
  5532 | D:7      | Reached XP level 9. HP: 84/89 MP: 8/8
  5627 | D:7      | Reached skill level 7 in Unarmed Combat
  5731 | D:7      | Found Enwu's General Store.
  5736 | D:7      | Bought a scroll of enchant armour for 97 gold pieces
  6249 | D:8      | Noticed a two-headed ogre
  6378 | D:8      | Noticed a white ugly thing
  6387 | D:8      | Killed a white ugly thing
  6388 | D:8      | Reached skill level 5 in Dodging
  6455 | D:8      | Noticed a red ugly thing
  6600 | D:8      | Killed a two-headed ogre
  6601 | D:8      | Reached skill level 8 in Unarmed Combat
  6641 | D:8      | Noticed a centaur warrior
  6652 | D:8      | Killed a centaur warrior
  6653 | D:8      | Reached XP level 10. HP: 39/102 MP: 9/9
  6945 | D:8      | Killed a red ugly thing
  6953 | D:8      | Identified the ring of Autumn {Fire Will+ Dex+3}
  7062 | D:9      | Found a radiant altar of Vehumet.
  7063 | D:9      | Found a hide-covered altar of Uskayaw.
  7219 | D:9      | Identified the +0 ring mail "Eczup" {Dex+2}
  7265 | D:9      | Reached skill level 9 in Unarmed Combat
  7281 | D:9      | Reached skill level 5 in Shapeshifting
  7291 | D:9      | Gained mutation: You cannot study or use magical devices.
                  | [Ru sacrifice]
  7291 | D:9      | Reached **** piety under Ru
  7291 | D:9      | Reached ***** piety under Ru
  7597 | D:9      | Reached XP level 11. HP: 63/111 MP: 10/10
  8039 | D:9      | Got the Folio of the Jolly Ziggurats
  8157 | D:9      | Found a white marble altar of Elyvilon.
  8173 | D:9      | Identified the +3 great mace of Gef Ymo {spect, rCorr
                  | Str+2}
  8237 | D:10     | Entered Level 10 of the Dungeon
  8313 | D:10     | Found a staircase to the Lair.
  8490 | D:10     | Noticed Urug
  8541 | D:10     | Killed Urug
  8913 | D:10     | Reached skill level 10 in Unarmed Combat
  9241 | D:11     | Noticed a two-headed ogre
  9252 | D:11     | Killed a two-headed ogre
  9316 | D:11     | Noticed a two-headed ogre
  9322 | D:11     | Killed a two-headed ogre
  9329 | D:11     | Found a portal to a secret trove of treasure.
  9729 | D:11     | Identified the +5 rapier "Nooleg" {drain, rF+}
 10328 | D:12     | Noticed a centaur warrior
 10337 | D:12     | Killed a centaur warrior
 10464 | D:12     | Gained mutation: You cannot voluntarily change form. [Ru
                  | sacrifice]
 10528 | D:12     | Found a staircase to the Orcish Mines.
 11388 | D:13     | Noticed a two-headed ogre
 11388 | D:13     | Noticed Nessos
 11388 | D:13     | Noticed an orc knight
 11388 | D:13     | Noticed an orc knight
 11388 | D:13     | Found a gate to the Vaults.
 11389 | D:13     | Noticed a deep elf pyromancer
 11601 | D:12     | Killed an orc knight
 11603 | D:12     | Reached XP level 12. HP: 64/123 MP: 11/11
 11794 | Lair:1   | Entered Level 1 of the Lair of Beasts
 11897 | Lair:1   | Reached skill level 11 in Unarmed Combat
 12001 | Lair:1   | Noticed Grum
 12010 | Lair:1   | Killed Grum
 12154 | Lair:1   | Found a frozen archway.
 12273 | IceCv    | Entered an ice cave
 12747 | Lair:1   | Noticed a catoblepas
 12754 | Lair:1   | Killed a catoblepas
 12755 | Lair:1   | Reached skill level 10 in Fighting
 12983 | Lair:1   | Reached skill level 12 in Unarmed Combat
 13063 | Lair:1   | Noticed a catoblepas
 13080 | Lair:1   | Killed a catoblepas
 13484 | Lair:1   | Gained mutation: Your magical capacity is low. (-10% MP)
                  | [Ru sacrifice]
 13494 | Lair:1   | Noticed a catoblepas
 13508 | Lair:1   | Killed a catoblepas
 13859 | Lair:2   | Found a broken altar of Ashenzari.
 13967 | Lair:2   | Reached XP level 13. HP: 118/119 MP: 10/10
 14611 | Lair:3   | Found a staircase to the Swamp.
 14804 | Lair:3   | Noticed Nergalle
 14811 | Lair:3   | Killed Nergalle
 14924 | Lair:3   | Reached skill level 13 in Unarmed Combat
 15015 | Lair:3   | Found a staircase to the Snake Pit.
 15783 | Lair:4   | Found a gate leading to a gauntlet.
 15791 | Gauntlet | Entered a Gauntlet
 15791 | Gauntlet | Found a transporter.
 15791 | Gauntlet | Found a transporter.
 15799 | Gauntlet | Found a transporter.
 15803 | Gauntlet | Found a transporter.
 15814 | Gauntlet | Found a transporter.
 15815 | Gauntlet | Found a transporter.
 15823 | Gauntlet | Found a transporter.
 15823 | Gauntlet | Noticed a blizzard demon
 15839 | Gauntlet | Found a transporter.
 15857 | Gauntlet | Found a transporter.
 15861 | Gauntlet | Found a transporter.
 15869 | Gauntlet | Found a transporter.
 15873 | Gauntlet | Found a transporter.
 16162 | Gauntlet | Identified the amulet of the Tempest {Faith Int+4 Slay+2}
 16408 | Gauntlet | Identified the +6 morningstar of Boaduv {antimagic, rPois
                  | rF- rN++ Will++}
 16408 | Gauntlet | Noticed a minotaur
 16414 | Gauntlet | Identified the ring of the Spinneret {rPois Will+ Dex+4
                  | SInv}
 16415 | Gauntlet | Killed a minotaur
 16481 | Gauntlet | Got the Papyrus of the Dark Compass
 16571 | Lair:4   | Reached XP level 14. HP: 91/103 MP: 11/11
 16955 | Lair:4   | Reached skill level 14 in Unarmed Combat
 17831 | Lair:5   | Entered Level 5 of the Lair of Beasts
 17831 | Lair:5   | Noticed Kirke
 17833 | Lair:5   | Reached skill level 10 in Shields
 18034 | Lair:5   | Killed Kirke
 18174 | Lair:5   | Found a runed translucent door.
 18180 | Lair:5   | Noticed an acid blob
 18186 | Lair:5   | Found a staircase to the Slime Pits.
 19087 | Lair:5   | Found a corrupted altar of Lugonu.
 19087 | Lair:5   | Found a one-way gate to the infinite horrors of the Abyss.
 19440 | Lair:5   | Mangled by an eight-headed hydra

Illustrated notes

Levels and vault maps discovered:
D:1:      spicycebolla_green_bress_n_ham_2, layout_loops_ring,
          chequers_serial_rivers_small_3
D:2:      layout_loops_ring, basic_altar
D:3:      layout_basic
D:4:      layout_basic, minmay_temple_entry_butterflies,
          chequers_serial_rivers_marsh
D:5:      layout_basic, nicolae_ru_awakened_eye
D:6:      layout_loops_ring, kennysheep_mini, kennysheep_generic_room_10
D:7:      layout_cave_pools, serial_shops, nicolae_shop_peninsula,
          uniq_crazy_yiuf_cottage, uniq_maggie
D:8:      layout_cave_pools, minmay_diamond_spiral
D:9:      kb_forest_paths, layout_loops_ring, elyvilon_altar_5,
          jmf_multi_god_temple, minivault_5
D:10:     layout_basic, david_lair_shrubbed, uniq_urug
D:11:     layout_basic, serial_corexii_hall, corexii_hall_statues_x,
          corexii_hall_statues_i, corexii_hall_statues_x,
          chequers_hall_statues_wall_a, enter_trove_1, hex_intersection
D:12:     layout_roguey, david_orc_3, serial_co_window_serial,
          co_window_paths_a, co_window_of_opportunity_a, co_window_paths_a,
          co_window_corner_a, co_window_corner_a, co_window_cross_3,
          co_window_broadway_b, co_window_paths_c, co_window_corner_cb,
          co_window_of_opportunity_c, co_window_4corner_a, co_window_paths_d,
          glass_columns_a, glass_columns_a, kennysheep_generic_room_13
D:13:     minmay_the_grid_square_5x5_5x5_mashed
          [minmay_the_grid_square_5x5_inner_v,
          minmay_the_grid_square_5x5_bridge, minmay_the_grid_square_5x5_tie,
          minmay_the_grid_square_5x5_one_wall,
          minmay_the_grid_square_5x5_longway, minmay_the_grid_square_5x5_spiral,
          minmay_the_grid_square_5x5_prize_monsterx,
          minmay_the_grid_square_5x5_n_small,
          minmay_the_grid_square_5x5_prize_open, minmay_the_grid_square_5x5_c,
          minmay_the_grid_square_5x5_plus, minmay_the_grid_square_5x5_comb,
          minmay_the_grid_square_5x5_prize_gold,
          minmay_the_grid_square_5x5_pentomino_r,
          minmay_the_grid_square_5x5_tetrominoes,
          minmay_the_grid_square_5x5_hollow_slash,
          minmay_the_grid_square_5x5_prize_pseudospiral,
          minmay_the_grid_square_5x5_three_walls,
          minmay_the_grid_square_5x5_prize_waves,
          minmay_the_grid_square_5x5_percent,
          minmay_the_grid_square_5x5_inner_i,
          minmay_the_grid_square_5x5_checkered,
          minmay_the_grid_square_5x5_two_walls_b,
          minmay_the_grid_square_5x5_moneybag, minmay_the_grid_square_5x5_mess],
          layout_stronghold, david_vaults_3
Temple:   bh_familiar_temple
Lair:1:   regret_index_malice_mire, layout_misc_corridors,
          portal_ice_cave_demonic_guard, dreamdust_wasp_nest, uniq_grum
Lair:2:   layout_loops_ring, basic_altar
Lair:3:   layout_roguey, swamp_mist_pool, minmay_snake_entry_spellcaster,
          serial_bayou_pond_d, dreamdust_mushroom_princess, uniq_nergalle
Lair:4:   layout_small_grid, gauntlet_entry_generic, infiniplex_staircase_pool,
          grunt_megastairs_5
Lair:5:   hellmonk_lair_end_abyssal_woods, layout_small_grid, slime_entry_2,
          fungi_pond_lemuel, uniq_kirke

Skill      XL: |  1  2  3  4  5  6  7  8  9 10 11 12 13 14 |
---------------+-------------------------------------------+-----
Shields        | 3 4 5 6 7 8 9 10 | 10.9
Fighting       | 3 4 5 7 8 9 10 11 12 | 12.8
Unarmed Combat | 3 4 5 6 8 9 10 12 13 14 | 14.9
Dodging        | 3 4 5 6 7 8 9 |  9.4
Shapeshifting  | 1 3 4 5 0 |  0.0

Action                     |  1- 3 |  4- 6 |  7- 9 | 10-12 | 13-15 || total
---------------------------+-------+-------+-------+-------+-------++-------
  Melee: Unarmed           |    85 |   157 |   288 |   605 |   354 ||  1489
 Invoke: Sacrifice Arcana  |       |     1 |       |       |       ||     1
         Sacrifice Love    |       |       |     1 |       |       ||     1
         Draw Out Power    |       |       |     1 |       |       ||     1
         Sacrifice Artific |       |       |       |     1 |       ||     1
         Sacrifice Forms   |       |       |       |     1 |       ||     1
         Apocalypse        |       |       |       |     6 |    28 ||    34
         Sacrifice Essence |       |       |       |     1 |       ||     1
         Reject Sacrifices |       |       |       |       |     1 ||     1
  Evoke: Wand              |       |       |       |     1 |       ||     1
    Use: Potion            |       |     3 |     7 |     6 |       ||    16
         Scroll            |       |       |    13 |     4 |       ||    17
   Stab: Sleeping          |     2 |     1 |       |     1 |       ||     4
         Invisible         |       |       |       |     5 |       ||     5
         Paralysed         |       |       |       |     7 |    15 ||    22
         Distracted        |       |       |       |     1 |     5 ||     6
 Armour: Robe              |    34 |   116 |    68 |       |       ||   218
         Swamp dragon scal |       |       |   121 |   354 |   187 ||   662
  Dodge: Dodged            |    25 |    61 |    88 |   175 |   116 ||   465
  Block: Kite shield       |    31 |    74 |   147 |   290 |   172 ||   714
         Reflection        |       |       |       |       |     1 ||     1
